Map: At Eternity's Edge LE

Players

Reavers

  • Race: Terran Terran
  • League: Diamond

VOD

Have the link to the VOD?

Description

Time

  • Played on: Oct. 23, 2026, 7:52 p.m.
  • Length: 9:56
Show
View Real Time Build Order
Export as new Build Order

Reavers Terran 

Build Orders: Reaper Expand 

Get SALT Encoding   

  12  0:00  SCV  
  13  0:12  SCV  
  14  0:17  Supply Depot  
  14  0:24  SCV  
  15  0:39  SCV  
  15  0:40  Barracks  
  16  0:44  Refinery  
  16  0:51  SCV  
  17  1:03  SCV  
  18  1:15  SCV  
  19  1:25  Reaper  
  19  1:28  Orbital Command  
  20  1:44  Command Center  
  21  1:54  SCV  
  21  1:55  Supply Depot  
  21  2:00  Barracks Tech Lab  
  21  2:06  Refinery, SCV  
  22  2:17  Concussive Shells  
  22  2:18  SCV  
  22  2:19  Marauder  
  25  2:30  SCV  
  25  2:31  Supply Depot  
  26  2:40  Marauder  
  26  2:42  SCV  
  29  2:55  Orbital Command  
  29  2:59  SCV  
  29  3:01  Marauder  
  29  3:03  Stimpack  
  32  3:12  SCV  
  33  3:21  SCV  
  33  3:23  Marauder  
  33  3:24  SCV  
  37  3:33  SCV  
  38  3:36  SCV  
  39  3:43  Barracks x2  
  39  3:44  Marauder  
  39  3:45  SCV  
  42  3:49  Ghost Academy, SCV  
  43  3:57  SCV  
  43  4:01  Refinery, SCV  
  45  4:03  Refinery  
  45  4:05  Marauder  
  45  4:09  SCV  
  48  4:13  SCV  
  49  4:18  Supply Depot  
  49  4:20  Personal Cloaking  
  49  4:21  SCV  
  50  4:25  SCV  
  50  4:27  Marauder  
  53  4:32  Barracks Tech Lab  
  53  4:33  SCV  
  53  4:35  Barracks Tech Lab  
  54  4:39  SCV  
  54  4:44  Supply Depot  
  55  4:45  SCV  
  55  4:48  Ghost  
  55  4:51  Ghost, SCV  
  61  4:58  SCV  
  62  5:05  Ghost, SCV  
  65  5:07  Supply Depot  
  65  5:13  Factory  
  65  5:15  Supply Depot  
  65  5:18  Ghost  
  65  5:20  Ghost  
  69  5:25  SCV  
  70  5:28  SCV  
  70  5:34  Marauder  
  73  5:37  SCV  
  73  5:40  SCV  
  75  5:42  Supply Depot  
  75  5:48  Marauder  
  75  5:49  Marauder  
  79  5:56  Marauder, SCV  
  79  5:57  SCV  
  83  6:06  Starport  
  83  6:08  Ghost, Factory Reactor  
  83  6:11  Marauder  
  87  6:16  Ghost  
  89  6:24  Supply Depot x2  
  89  6:27  Supply Depot  
  89  6:29  Supply Depot  
  89  6:32  Marauder  
  91  6:34  Engineering Bay  
  91  6:35  Engineering Bay  
  91  6:38  Marauder  
  93  6:46  Marauder  
  95  6:51  Medivac  
  95  6:52  Factory Tech Lab, Medivac  
  95  6:53  Marauder  
  101  7:01  Marauder  
  103  7:02  Command Center  
  103  7:05  Terran Infantry Weapons Level 1  
  103  7:08  Marauder  
  105  7:13  Terran Infantry Armor Level 1  
  105  7:14  Ghost  
  107  7:18  SCV x2  
  107  7:22  Marauder  
  111  7:30  SCV  
  111  7:31  SCV, Command Center  
  111  7:33  Medivac  
  111  7:35  Medivac  
  117  7:42  SCV, Command Center  
  118  7:45  Armory  
  118  7:47  Nuke  
  118  7:51  Marine x2  
  118  7:52  Marine  
  118  7:56  Combat Shield  
  121  8:09  Marine x3  
  124  8:15  Orbital Command  
  124  8:22  Liberator  
  124  8:27  Liberator, Marine x3  
  127  8:34  Drilling Claws  
  133  8:36  Widow Mine  
  135  8:45  Marine x3  
  138  9:03  Marauder x3  
  138  9:09  Orbital Command  
  144  9:11  Widow Mine  
  144  9:15  Medivac x2  
  144  9:16  Orbital Command x2  
  150  9:24  Marine x3  
Tags
 
Add a new tag
Caveats
  • Supply blocks, unpowered buildings, or Contaminate may cause inaccurate times.
  • Supply counts are checked every 10 seconds.